 Dungeon Crawl Stone Soup version 0.26-b1-45-g23770d1d51 (webtiles) character file.

Game seed: 11970680763812811387

31 raceaflais the Sneak (level 3, 0/18 HPs)
             Began as a Spriggan Brigand on Jan 6, 2021.
             Slain by an adder (3 damage)
             ... on level 2 of the Dungeon.
             The game lasted 00:09:30 (1797 turns).

raceaflais the Sneak (Spriggan Brigand)             Turns: 1797, Time: 00:09:32

Health: 0/18       AC:  3    Str:  8    XL:     3   Next: 7%
Magic:  4/4        EV: 17    Int: 18    God:
Gold:   143        SH:  0    Dex: 17    Spells: 2/2 levels left

rFire    . . .     SeeInvis +   p - +3 whip (drain)
rCold    . . .     Faith    .   (shield restricted)
rNeg     . . .     Spirit   .   b - +0 robe
rPois    .         Reflect  .   (helmet restricted)
rElec    .         Harm     .   c - +0 cloak
rCorr    .         Rampage  .   (gloves unavailable)
Will     .....                  (boots unavailable)
Stlth    ++++......             (no amulet)
HPRegen  0.06/turn              h - +6 ring of intelligence
MPRegen  0.09/turn              (no ring)

@: lethally poisoned (0 -> -6), very quick
A: very small, unfitting armour, see invisible, speed 3
a: no special abilities


You were on level 2 of the Dungeon.
You visited 1 branch of the dungeon, and saw 2 of its levels.

You collected 143 gold pieces.

Inventory:

Hand Weapons
 a - a +2 dagger
 p - a +3 whip of draining (weapon)
Missiles
 e - 2 curare-tipped darts (quivered)
 g - 53 stones
 i - 32 arrows
Armour
 b - a +0 robe (worn)
 c - a +0 cloak (worn)
 j - a +0 kite shield
 k - a +0 chain mail
Jewellery
 h - a +6 ring of intelligence (left hand)
 l - an uncursed ring of fire {unknown}
Scrolls
 o - 2 scrolls of remove curse {unknown}
 q - a scroll of amnesia {unknown}
Potions
 d - 2 potions of haste {unknown}
 f - a potion of degeneration {unknown}
 m - a potion of berserk rage {unknown}
 r - 2 potions of curing {unknown}


   Skills:
 + Level 1.6 Fighting
 + Level 2.4 Short Blades
 + Level 2.3 Throwing
 + Level 2.0 Dodging
 + Level 6.7 Stealth


You had 2 spell levels left.
You didn't know any spells.
Your spell library was empty.

Dungeon Overview and Level Annotations

Branches:
Dungeon (2/15)

Altars:


Innate Abilities, Weirdness & Mutations

You are very small and have problems with some larger weapons.
You are too small for most types of armour.
You have supernaturally acute eyesight. (SInv)
You cover ground extremely quickly.


Message History

Unknown command.
You throw a poisoned dart.
The poisoned dart closely misses the adder.
The adder hisses angrily.
The adder closely misses you.
You hit the adder.
The adder is heavily wounded.
The adder bites you.
You hit the adder.
The adder is almost dead.
The adder bites you.
* * * LOW HITPOINT WARNING * * *
You are lethally poisoned!
The adder poisons you! The adder bites you.
You die...

... #...........#
#...
...###...........#
#...
#..............#
#...
#..............#
##..
#.........######
#.. #.......###
#.. #..†....# ##.
#.......# #.
#...@...# #.
#...S...# #.
###.......# #.
#.........# #.
#.#...(†..# #.
........####
#####. ##.####.#
#..... #. #.#
#..... . #.<
#.....


You could see an adder.

Vanquished Creatures
  2 leopard geckos
  A giant cockroach (D:2)
  3 goblins
  4 hobgoblins
  4 jackals (D:2)
  A quokka (D:2)
  2 bats
  A frilled lizard (D:1)
  5 kobolds
  2 rats (D:2)
25 creatures vanquished.

Vanquished Creatures (others)
  A kobold (D:2)
1 creature vanquished.

Grand Total: 26 creatures vanquished

Notes
Turn   | Place    | Note
-------+----------+-------------------------------------------
     0 | D:1      | raceaflais the Spriggan Brigand began the quest for the
                  | Orb.
     0 | D:1      | Reached XP level 1. HP: 10/10 MP: 2/2
    87 | D:1      | Reached skill level 6 in Stealth
   563 | D:1      | Reached XP level 2. HP: 14/14 MP: 3/3
  1724 | D:2      | Reached XP level 3. HP: 12/18 MP: 4/4
  1797 | D:2      | Slain by an adder

Illustrated notes

Levels and vault maps discovered:
D:1:      giann_bridges, layout_basic
D:2:      layout_basic, nicolae_overflow_crystal_walls, uniq_natasha

Skill      XL: |  1  2 |
---------------+-------+-----
Stealth        | 6 |  6.7
Dodging        | 2 |  2.0
Fighting       | |  1.6
Short Blades   | |  2.4
Throwing       | |  2.3

Action                   || total
-------------------------++-------
Melee: Dagger            ||    27
       Whip              ||    18
Throw: Dart              ||    37
       Stone             ||     1
  Use: Scroll            ||     1
 Stab: Sleeping          ||     1
Armor: Robe              ||     9
Dodge: Dodged            ||    46
